 Dungeon Crawl Stone Soup version 0.31-a0-716-gc7603755dd (webtiles) character file.

Game seed: 941431095309058055

11566 cforsyth the Fighter (level 12, -10/88 HPs)
             Began as a Djinni Chaos Knight on Sept 11, 2023.
             Was a Priest of Hepliaklqana.
             Mangled by a white ugly thing (52 damage)
             ... on level 11 of the Dungeon.
             The game lasted 00:35:21 (13867 turns).

cforsyth the Fighter (Djinni Chaos Knight)         Turns: 13867, Time: 00:35:21

Health: -10/88     AC: 13    Str: 10    XL:     12   Next: 9%
Gold:   671        EV: 11    Int: 23    God:    Hepliaklqana [***...] SH:  0 Dex: 12

rFire   + + .        R - +3 battleaxe (freeze)
rCold   x . .        (shield currently unavailable)
rNeg    . . .        b - +2 leather armour
rPois   ∞            (helmet restricted)
rElec   .            d - +0 cloak
rCorr   +            B - +2 pair of gloves of Oklusab {rCorr SInv}
SInv    +            (boots unavailable)
Will    ++...        v - amulet of regeneration
Stlth   +            A - +4 ring of protection
HPRegen 1.14/turn    e - ring of willpower
MPRegen 0.00/turn

%: infuse magic (-11 HP)
@: flying
A: reduced essence, sickness immunity, fire resistance 2, cold vulnerability 1,
float, innate caster, HP casting, extra vitality 1, antennae 1, clever 1,
screaming 1, wild magic 1, MP-powered wands
a: Renounce Religion, Recall Ancestor, Ancestor Identity, Transference


You were on level 11 of the Dungeon.
You worshipped Hepliaklqana.
Hepliaklqana was most pleased with you.
You visited 2 branches of the dungeon, and saw 12 of its levels.
You also visited: Sewer and Bailey.

You collected 671 gold pieces.

Inventory:

Hand Weapons
 t - a +4 dagger of protection
 R - a +3 battleaxe of freezing (weapon)
Missiles
 K - 2 throwing nets
Armour
 b - a +2 leather armour (worn)
 d - a +0 cloak (worn)
 i - a +0 helmet
 B - the +2 pair of gloves of Oklusab (worn) {rCorr SInv}
   (You acquired it in a bailey)

   SInv:      It lets you see invisible.
   rCorr:     It protects you from acid and corrosion.
Jewellery
 e - a ring of willpower (right hand)
 l - a ring of fire
 s - a ring of protection from fire
 v - an amulet of regeneration (around neck)
 A - a +4 ring of protection (left hand)
 E - a ring of positive energy
 G - a ring of see invisible
 L - a ring of protection from fire
 M - a ring of ice
Wands
 a - a wand of flame (10)
 o - a wand of polymorph (20)
 y - a wand of quicksilver (9)
Scrolls
 c - a scroll of butterflies
 f - 3 scrolls of enchant weapon
 u - 3 scrolls of teleportation
 w - a scroll of poison {unknown}
 x - 2 scrolls of blinking
 z - a scroll of noise {unknown}
 C - a scroll of vulnerability
 F - a scroll of identify
 H - a scroll of silence {unknown}
 N - 2 scrolls of amnesia {unknown}
 O - 2 scrolls of revelation
 P - a scroll of fear
 Q - a scroll of torment {unknown}
Potions
 g - 6 potions of curing
 h - 2 potions of cancellation
 j - 3 potions of enlightenment
 k - 10 potions of mutation
 m - a potion of brilliance {unknown}
 n - 3 potions of might
 q - a potion of heal wounds
 r - 2 potions of invisibility
 D - 2 potions of degeneration {unknown}
 I - a potion of berserk rage {unknown}
 J - a potion of lignification {unknown}
Miscellaneous
 p - a lightning rod (3/4)


   Skills:
 + Level 13.3 Fighting
 - Level 2.6 Long Blades
 - Level 1.0 Armour
 - Level 2.1 Dodging
 + Level 9.8 Spellcasting
 + Level 9.8 Conjurations
 + Level 9.8 Hexes
   Level 0.0 Charms
 + Level 9.8 Summonings
 + Level 9.8 Necromancy
 + Level 9.8 Translocations
 + Level 9.8 Transmutations
 + Level 9.8 Fire Magic
 + Level 9.8 Ice Magic
 + Level 9.8 Air Magic
 + Level 9.8 Earth Magic
 + Level 9.8 Poison Magic


You knew the following spells:

 Your Spells              Type           Power      Damage    Failure   Level
a - Magic Dart            Conj           100%       1d8       1%          1
b - Searing Ray           Conj           100%       2d8       1%          2
c - Swiftness             Air            65%        N/A       1%          3
d - Dazzling Flash        Conj/Hex       100%       N/A       1%          3
e - Dimensional Bullseye  Hex/Tloc       32%        N/A       2%          4
Your spell library was empty.

Dungeon Overview and Level Annotations

Branches:
Dungeon (11/15)            Temple (1/1) D:4            Lair (0/5) D:8
    Orc (0/2) D:10          Sewer (visited)          Bailey (visited)

Altars:
Ashenzari
Cheibriados
Dithmenos
Elyvilon
Fedhas
Gozag
Hepliaklqana
Makhleb
Nemelex Xobeh
Okawaru
Qazlal
Ru
Trog
Uskayaw
Wu Jian
Xom
Yredelemnul
Zin
The Shining One


Innate Abilities, Weirdness & Mutations

Your life essence is reduced to manifest your ancestor. (-10% HP)
You are immune to sickness and miasma.
You are immune to poison.
Your flesh is very heat resistant. (rF++)
You are vulnerable to cold. (rC-)
You float through the air rather than walking.
You learn spells naturally, not from books.
Your magical power is your life essence.
You have superior vitality. (+4 MHP)
You have a pair of small antennae on your head.
Your mind is acute. (Int +4, Str/Dex -1)
You occasionally shout uncontrollably at your foes.
Your spells are a little harder to cast, but a little more powerful.
You expend health (3 HP) to strengthen your wands.


Message History

The red ugly thing stings you!
You are engulfed in flames.
You resist.
You slash the red ugly thing! You freeze the red ugly thing.
The red ugly thing is almost dead.
The red ugly thing barely misses you.
Xiloxoch closely misses the red ugly thing.
The red ugly thing stings you.
You are engulfed in flames.
You resist.
You slash the red ugly thing! You freeze the red ugly thing.
You kill the red ugly thing!
You start resting.
Ancestor HP restored.
You start resting.
HP restored.
You start waiting.
Done waiting.
You start waiting.
Done waiting.
You swap places.
There is a stone staircase leading down here.
You fly downwards.
There is a stone staircase leading up, spattered with blood here.
You see here a +0 flail.
Items here: ))) [[.
You see here a +0 flail.
Items here: (( ))))))))))))) [[[[[[[.
You can no longer heal and protect your ancestor.
Things that are here:
a +0 robe; a +0 robe; a +0 mace
There is a stone staircase leading down here.
There is a stone staircase leading down here.
You fly downwards.
The purple ugly thing barely misses you.
The white ugly thing headbutts you. The white ugly thing freezes you!!
You feel a terrible chill! The purple ugly thing gores you!
The white ugly thing completely misses you.
There is a stone staircase leading up here.
The white ugly thing headbutts you! The white ugly thing freezes you!!!
You feel a terrible chill!
Ouch! That really hurt!
You die...
Xom laughs nastily!

...# [..#
##############
...#
#.....##.....##
...#
#.............##
...#
#..............#
...#
##............)#
####
#.............#
#u..........[.#
#@............#
#Ru...........#
#............##
#....##.....##
####.########
~#### #.# ..~~~#
#.# ......###R#
......#.#.#


You could see the friendly Xiloxoch the knight and 2 ugly things.

Vanquished Creatures
  2 two-headed ogres
  3 ugly things (D:9)
  Psyche (D:8)
  A troll (D:9)
  9 yaks
  Eustachio (D:6)
  An acid dragon (D:9)
  Duvessa (D:6)
  7 orc warriors
  2 ice beasts (D:5)
  5 kobold brigands
  2 bullfrogs
  2 gnoll sergeants
  4 scorpions
  4 wights
  Dowan (D:6)
  3 killer bees (D:8)
  2 howler monkeys (D:9)
  2 jellies
  2 orc priests
  A hound (D:4)
  3 iguanas
  Ijyb (D:4)
  Terence (D:2)
  14 orc wizards
  13 gnolls
  7 adders
  A shadow imp (D:7)
  An ufetubus (D:5)
  2 worms (Sewer)
  3 dart slugs
  56 orcs
  3 bats (D:1)
  5 endoplasms
  5 giant cockroaches
  10 goblins
  6 hobgoblins
  5 quokkas
  9 ball pythons
  3 frilled lizards
  14 kobolds
  6 rats
224 creatures vanquished.

Vanquished Creatures (collateral kills)
  An orc knight (Bailey)
  A komodo dragon (D:8)
  7 yaks
  2 wyverns
  2 steam dragons (D:9)
  A water moccasin (D:9)
  7 orc warriors
  An ice beast (D:6)
  An ogre (D:7)
  A centaur (D:8)
  A phantom (D:7)
  3 kobold brigands (Sewer)
  A bullfrog (D:7)
  A gnoll sergeant (D:6)
  A scorpion (D:7)
  3 wights
  A hound (D:6)
  An orc priest (D:10)
  A gnoll bouda (D:6)
  An iguana (D:6)
  A sleepcap (D:8)
  4 orc wizards
  A boggart simulacrum (D:10)
  4 gnolls
  A shadow imp (D:7)
  An ufetubus (D:7)
  28 orcs
  An endoplasm (D:3)
  2 kobolds (Sewer)
  A quokka (D:3)
82 creatures vanquished.

Vanquished Creatures (others)
  11 knights
  3 ancestors
  A giant cockroach (D:4)
  A quokka (D:4)
  A frilled lizard (D:8)
17 creatures vanquished.

Grand Total: 323 creatures vanquished

Notes
Turn   | Place    | Note
-------+----------+-------------------------------------------
     0 | D:1      | cforsyth the Djinni Chaos Knight began the quest for the
                  | Orb.
     0 | D:1      | Reached XP level 1. HP: 20/20 MP: 0/0
     5 | D:1      | XOM: silly message
   164 | D:1      | Found a faded altar of an unknown god.
   178 | D:1      | Reached XP level 2. HP: 23/25 MP: 0/0
   343 | D:1      | Reached skill level 1 in Spellcasting
   343 | D:1      | Reached skill level 1 in Conjurations
   343 | D:1      | Reached skill level 1 in Hexes
   343 | D:1      | Reached skill level 1 in Summonings
   343 | D:1      | Reached skill level 1 in Necromancy
   343 | D:1      | Reached skill level 1 in Translocations
   343 | D:1      | Reached skill level 1 in Transmutations
   343 | D:1      | Reached skill level 1 in Fire Magic
   343 | D:1      | Reached skill level 1 in Ice Magic
   343 | D:1      | Reached skill level 1 in Air Magic
   343 | D:1      | Reached skill level 1 in Earth Magic
   343 | D:1      | Reached skill level 1 in Poison Magic
   396 | D:1      | Reached XP level 3. HP: 29/30 MP: 0/0
   396 | D:1      | Learned a level 1 spell: Magic Dart
   526 | D:1      | XOM: cloud trail
   588 | D:1      | XOM: god gift: scroll labelled FIWORPHASUU {god gift}
   814 | D:2      | Noticed Terence
   825 | D:2      | Killed Terence
   826 | D:2      | Reached XP level 4. HP: 15/37 MP: 0/0
   927 | D:2      | XOM: cloud trail
  1211 | D:2      | Reached skill level 4 in Fighting
  1254 | D:2      | XOM: cloud trail
  1638 | D:3      | XOM: chaos upgrade
  1647 | D:3      | XOM: silly message
  1911 | D:2      | XOM: god gift: gilded ring {god gift}
  1993 | D:3      | Reached XP level 5. HP: 29/42 MP: 0/0
  1993 | D:3      | Learned a level 2 spell: Searing Ray
  2199 | D:3      | XOM: cast spell 'Summon Horrible Things'
  2438 | D:4      | XOM: silly message
  2454 | D:4      | XOM: cast spell 'Alistair's Intoxication'
  2463 | D:4      | Reached XP level 6. HP: 32/49 MP: 0/0
  2465 | D:4      | XOM: silly message
  2466 | D:4      | XOM: summons 4 hostile demons
  2467 | D:4      | Noticed a chaos spawn
  2487 | D:4      | Found a glowing drain.
  2497 | D:4      | XOM: summons 1 hostile demon
  2498 | D:4      | Noticed a smoke demon
  2501 | D:4      | XOM: 1-stop teleportation journey
  2511 | D:4      | Reached skill level 5 in Fighting
  2561 | D:4      | XOM: cloud trail
  2604 | Sewer    | Entered a sewer
  2671 | Sewer    | Reached XP level 7. HP: 51/54 MP: 0/0
  2671 | Sewer    | Learned a level 3 spell: Swiftness
  2678 | Sewer    | XOM: cleaving
  2682 | Sewer    | XOM: cleaving
  2689 | Sewer    | XOM: enchant monster (good)
  2690 | Sewer    | XOM: cast spell 'Metabolic Englaciation'
  2733 | Sewer    | Reached skill level 6 in Fighting
  2772 | Sewer    | XOM: smoke on damage
  2894 | Sewer    | Reached XP level 8. HP: 62/62 MP: 0/0
  3036 | D:4      | XOM: god gift: staff of earth
  3096 | D:4      | Found a staircase to the Ecumenical Temple.
  3121 | Temple   | Entered the Ecumenical Temple
  3156 | Temple   | Fell from the grace of Xom
  3156 | Temple   | Became a worshipper of Hepliaklqana the Forgotten
  3205 | D:4      | Noticed Ijyb
  3254 | D:4      | Killed Ijyb
  3443 | D:4      | Reached skill level 7 in Fighting
  3498 | D:4      | XOM: summons 11 hostile demons
  3499 | D:4      | Noticed a ynoxinul
  3499 | D:4      | Noticed a rust devil
  3527 | D:4      | XOM: summons 12 hostile demons
  3528 | D:4      | Noticed an orange demon
  3528 | D:4      | Noticed an orange demon
  3694 | D:5      | Entered Level 5 of the Dungeon
  4015 | D:4      | Identified the +0 chain mail of the Pleiades {rElec Int-4
                  | Dex+4}
  4102 | D:4      | XOM: give mutations
  4102 | D:4      | Gained mutation: You occasionally shout uncontrollably at
                  | your foes. [Xom's mischief]
  4102 | D:4      | Gained mutation: Your muscles are strong. (Str +4, Int/Dex
                  | -1) [Xom's mischief]
  4137 | D:5      | XOM: 1-stop teleportation journey
  4180 | D:5      | XOM: give mutations
  4180 | D:5      | Gained mutation: You expend health (3 HP) to strengthen
                  | your wands. [Xom's mischief]
  4180 | D:5      | Gained mutation: You have a pair of small antennae on your
                  | head. [Xom's mischief]
  4180 | D:5      | Lost mutation: Your muscles are strong. (Str +4, Int/Dex
                  | -1) [Xom's mischief]
  4232 | D:5      | Reached skill level 5 in Spellcasting
  4232 | D:5      | Reached skill level 5 in Conjurations
  4232 | D:5      | Reached skill level 5 in Hexes
  4232 | D:5      | Reached skill level 5 in Summonings
  4232 | D:5      | Reached skill level 5 in Necromancy
  4232 | D:5      | Reached skill level 5 in Translocations
  4232 | D:5      | Reached skill level 5 in Transmutations
  4232 | D:5      | Reached skill level 5 in Fire Magic
  4232 | D:5      | Reached skill level 5 in Ice Magic
  4232 | D:5      | Reached skill level 5 in Air Magic
  4232 | D:5      | Reached skill level 5 in Earth Magic
  4232 | D:5      | Reached skill level 5 in Poison Magic
  4597 | D:5      | Reached * piety under Hepliaklqana
  4605 | D:5      | Reached skill level 8 in Fighting
  4605 | D:5      | Reached XP level 9. HP: 63/63 MP: 0/0
  4605 | D:5      | Learned a level 3 spell: Dazzling Flash
  4799 | D:5      | XOM: summons 1 hostile shadow creature
  4992 | D:6      | Noticed Eustachio
  5003 | D:6      | Killed Eustachio
  5299 | D:6      | Noticed Duvessa
  5305 | D:6      | Noticed Dowan
  5330 | D:6      | Killed Duvessa
  5333 | D:6      | Killed Dowan
  5411 | D:6      | Reached skill level 9 in Fighting
  5435 | D:6      | Found a blossoming altar of Fedhas.
  5692 | D:6      | XOM: chaos upgrade
  5926 | D:6      | XOM: summons 1 hostile shadow creature
  6020 | D:6      | XOM: stat loss: -1 Int (17/18)
  6540 | D:5      | XOM: summons 8 hostile demons
  6566 | D:5      | XOM: summons 3 hostile shadow creatures
  6734 | D:5      | XOM: summons 3 hostile demons
  6802 | D:6      | XOM: summons 3 hostile demons
  7051 | D:7      | Found a flagged portal.
  7076 | Bailey   | Entered a bailey
  7102 | Bailey   | XOM: noise
  7119 | Bailey   | Reached XP level 10. HP: 33/72 MP: 0/0
  7209 | Bailey   | Reached skill level 10 in Fighting
  7212 | Bailey   | Reached ** piety under Hepliaklqana
  7213 | Bailey   | Remembered your ancestor Xiloxoch as a knight
  7501 | Bailey   | Noticed an orc knight
  7661 | Bailey   | Killed an orc knight
  7672 | Bailey   | Acquired the +2 pair of gloves of Oklusab {rCorr SInv}
  7898 | D:7      | Found a broken altar of Ashenzari.
  8080 | D:7      | XOM: give mutations
  8080 | D:7      | Gained mutation: Your spells are a little harder to cast,
                  | but a little more powerful. [Xom's mischief]
  8080 | D:7      | Gained mutation: Your muscles are strong. (Str +4, Int/Dex
                  | -1) [Xom's mischief]
  8080 | D:7      | Gained mutation: Your mind is acute. (Int +4, Str/Dex -1)
                  | [Xom's mischief]
  8080 | D:7      | Lost mutation: Your muscles are strong. (Str +4, Int/Dex
                  | -1) [Xom's mischief]
  8208 | D:8      | Noticed Psyche
  8246 | D:8      | Killed Psyche
  8247 | D:8      | Reached skill level 11 in Fighting
  9071 | D:8      | Reached XP level 11. HP: 78/78 MP: 0/0
  9071 | D:8      | Learned a level 4 spell: Dimensional Bullseye
  9098 | D:8      | Found a staircase to the Lair.
  9359 | D:9      | Found the +5 robe of Misfortune {Harm *Corrode *Slow EV+5}
  9359 | D:9      | Reached *** piety under Hepliaklqana
  9411 | D:9      | Noticed a two-headed ogre
  9966 | D:9      | Reached skill level 12 in Fighting
 10325 | D:9      | Killed a two-headed ogre
 10659 | D:9      | XOM: divination: magic mapping
 10980 | D:10     | Entered Level 10 of the Dungeon
 11391 | D:10     | Found a staircase to the Orcish Mines.
 11609 | D:9      | XOM: silly message
 12051 | D:10     | XOM: silly message
 12103 | D:10     | Noticed a two-headed ogre
 12109 | D:10     | Killed a two-headed ogre
 12164 | D:10     | Reached **** piety under Hepliaklqana
 12231 | D:10     | Reached skill level 13 in Fighting
 12284 | D:10     | XOM: silly message
 12434 | D:11     | Noticed a skeletal warrior
 12436 | D:11     | Noticed a skeletal warrior
 12456 | D:11     | XOM: silly message
 12831 | D:11     | Noticed a white ugly thing
 12831 | D:11     | Noticed a purple ugly thing
 13107 | D:11     | Noticed a red ugly thing
 13107 | D:11     | Noticed a purple ugly thing
 13107 | D:11     | Noticed a red ugly thing
 13128 | D:10     | XOM: silly message
 13219 | D:9      | Killed a red ugly thing
 13220 | D:9      | Reached XP level 12. HP: 35/88 MP: 0/0
 13564 | D:9      | XOM: silly message
 13867 | D:11     | Mangled by a white ugly thing

Illustrated notes

Levels and vault maps discovered:
D:1:      tarquinn_simple_flora_water_e, layout_basic,
          ebering_ecumenical_altar_hall
D:2:      layout_loops_ring, minmay_tromino_v4_a, uniq_terence
D:3:      layout_rooms, corexii_shack, glass_columns_b,
          kennysheep_cross_bottleneck, kennysheep_flooded_box
D:4:      layout_loops_ring, minmay_temple_entry_crystal_x,
          portal_sewer_entry_f, wad_rectangle_vault, uniq_ijyb
D:5:      layout_loops_corners
D:6:      layout_basic, fedhas_altar_fruit_tree, uniq_duvessa, uniq_eustachio
D:7:      layout_cave_pools, mainiacjoe_overflow_cross_hatched,
          serial_column_ruins, column_ruins_hut, column_ruins_corridor_straight,
          column_ruins_grid_2, column_ruins_open_tiny_water,
          column_ruins_open_tiny_water, column_ruins_grid_1, enter_bailey_3
D:8:      layout_basic, mainiacjoe_overflow_chevrons, david_lair_shrubbed,
          grunt_ministairs_4, nicolae_letterblocks [nicolae_letter_subblock,
          nicolae_letter_subblock, nicolae_letter_subblock,
          nicolae_letter_subblock, nicolae_letter_subblock,
          nicolae_letter_subblock, nicolae_letter_subblock,
          nicolae_letter_subblock, nicolae_letter_subblock,
          nicolae_letter_subblock, nicolae_letter_subblock,
          nicolae_letter_subblock, nicolae_letter_subblock,
          nicolae_letter_subblock, nicolae_letter_subblock,
          nicolae_letter_subblock, nicolae_letter_subblock,
          nicolae_letter_subblock, nicolae_letter_subblock,
          nicolae_letter_subblock, nicolae_letter_subblock,
          nicolae_letter_subblock, nicolae_letter_subblock,
          nicolae_letter_subblock, nicolae_letter_subblock], uniq_psyche
D:9:      layout_grid_maze, kennysheep_orc_sif_temple
D:10:     layout_big_octagon, hiddenorc2_lemuel, grunt_ogre_cave
D:11:     cheibrodos_breeding_chamber, layout_rooms, minmay_tree_intersection,
          nrook_guardian_serpent_double, uniq_urug
Temple:   dpeg_five_rooms_temple

Skill      XL: |  1  2  3  4  5  6  7  8  9 10 11 |
---------------+----------------------------------+-----
Spellcasting   | 1 2 3 4 5 6 8 9 |  9.8
Conjurations   | 1 2 3 4 5 6 8 9 |  9.8
Hexes          | 1 2 3 4 5 6 8 9 |  9.8
Summonings     | 1 2 3 4 5 6 8 9 |  9.8
Necromancy     | 1 2 3 4 5 6 8 9 |  9.8
Translocations | 1 2 3 4 5 6 8 9 |  9.8
Transmutations | 1 2 3 4 5 6 8 9 |  9.8
Fire Magic     | 1 2 3 4 5 6 8 9 |  9.8
Ice Magic      | 1 2 3 4 5 6 8 9 |  9.8
Air Magic      | 1 2 3 4 5 6 8 9 |  9.8
Earth Magic    | 1 2 3 4 5 6 8 9 |  9.8
Poison Magic   | 1 2 3 4 5 6 8 9 |  9.8
Fighting       | 4 5 6 8 9 11 13 | 13.3
Long Blades    | |  2.6
Armour         | |  1.0
Dodging        | |  2.1

Action                     |  1- 3 |  4- 6 |  7- 9 | 10-12 || total
---------------------------+-------+-------+-------+-------++-------
  Melee: Falchion          |    52 |    57 |       |       ||   109
         Dagger            |       |   121 |   672 |   677 ||  1470
         Punch             |       |     1 |    10 |     8 ||    19
         Battleaxe         |       |       |       |    19 ||    19
   Cast: Magic Dart        |    15 |       |     3 |     9 ||    27
         Searing Ray       |       |       |     2 |    16 ||    18
         Dazzling Flash    |       |       |       |    20 ||    20
         Swiftness         |       |       |       |     2 ||     2
 Invoke: Recall Ancestor   |       |       |     4 |     8 ||    12
         Ancestor Life: Kn |       |       |       |     1 ||     1
  Evoke: Wand              |       |       |    10 |    26 ||    36
         Lightning rod     |       |       |       |     2 ||     2
    Use: Scroll            |       |     8 |     9 |     4 ||    21
         Potion            |       |       |       |     1 ||     1
   Stab: Paralysed         |     1 |       |     4 |       ||     5
         Sleeping          |       |       |     1 |     1 ||     2
         Distracted        |       |       |     3 |     1 ||     4
         Invisible         |       |       |       |     2 ||     2
 Armour: Leather armour    |    45 |   146 |   565 |   624 ||  1380
         Skin              |       |       |       |     7 ||     7
  Dodge: Dodged            |    46 |   155 |   364 |   474 ||  1039

Table legend: (Time is in decaauts)
 A = Elapsed time spent in this place.
 B = Non-inter-level travel time spent in this place.
 C = Inter-level travel time spent in this place.
 D = Time resting spent in this place.
 E = Time spent auto-exploring this place.
 F = Levels seen in this place.
 G = Mean time per level.
                   A        B        C        D        E       F      G
               +--------+--------+--------+--------+--------+-----+--------+
         Total |  13828 |  13191 |    637 |   3459 |   5822 |  14 |  987.7 |
       Dungeon |  12838 |  12257 |    581 |   3368 |   5621 |  11 | 1167.1 |
        Temple |     66 |     10 |     56 |      0 |      0 |   1 |   66.0 |
         Sewer |    303 |    303 |      0 |      0 |    102 |   1 |  303.0 |
        Bailey |    620 |    620 |      0 |     91 |     99 |   1 |  620.0 |
               +--------+--------+--------+--------+--------+-----+--------+

Top non-repeatable levels by time:
     D:9: 2437 daAuts
     D:5: 1671 daAuts
     D:8: 1629 daAuts
    D:10: 1456 daAuts
     D:6: 1312 daAuts
     D:2: 1142 daAuts
     D:4: 1013 daAuts
     D:3: 763 daAuts
     D:1: 664 daAuts
  Bailey: 620 daAuts
     D:7: 577 daAuts
   Sewer: 303 daAuts
    D:11: 171 daAuts
  Temple: 66 daAuts
